AoeStats
← 台灣大表哥

Black Forest

509888731Analyzed
4v4 RM · 5d ago on Sep 28, 2026· 59m 23s· 8 players
Game mode
Random Map
Map size
Large (8 player)
Population
200
Speed
Normal
Resources
Standard
Victory
Conquest
Starting age
Dark Age
Ending age
Imperial Age
RankedLock teamsTeams togetherTeam positionsShared explorationLock speedFull tech treeHidden civsTurbo modeCheats
Victory
Defeat
🇨🇴 Slavs · Colombia
912
+13
🇦🇷 Koreans · Argentina
910
+13
🇨🇿 Vietnamese · Czechia
880
+14
🇰🇼 Spanish · Kuwait
786
+19
🇨🇳 Byzantines · China
873
-16
🇩🇪 Wei · Germany
859
-15
🇹🇼 Tupi · Taiwan
848
-15
🇬🇧 Turks · United Kingdom
800
-13
台灣大表哥
1:37 Loom
14:10 Feudal Age
14:42 Double-Bit Axe
14:41 Horse Collar
16:58 Champi Runner
21:59 Castle Age
20:34 Fletching
25:09 Heavy Plow
25:19 Bow Saw
26:02 Gold Mining
26:04 Stone Mining
28:02 Champi Warrior
29:31 Guard Tower
30:20 Wheelbarrow
29:39 Town Watch
31:23 Bodkin Arrow
35:15 Imperial Age
33:25 Squires
34:24 Forging
34:15 Scale Mail Armor
35:49 Elite Champi Warrior
36:37 Bracer
37:00 Conscription
36:34 Capped Ram
38:43 Iron Casting
39:07 Hand Cart
40:49 Chain Mail Armor
42:23 Elite Blackwood Archer
44:05 Pikeman
44:42 Elite Skirmisher
49:18 Hoardings
48:51 Caciques
49:01 Halberdier
50:14 Onager
51:37 Siege Ram
53:24 Curare
59:11 Padded Archer Armor
Kevin
0:29 Loom
12:19 Feudal Age
16:25 Castle Age
14:19 Double-Bit Axe
15:12 Horse Collar
21:33 Wheelbarrow
21:01 Heavy Plow
23:46 Bow Saw
25:33 Hand Cart
25:58 Scale Barding Armor
26:03 Forging
25:53 Scale Mail Armor
25:44 Fletching
25:54 Padded Archer Armor
26:40 Stone Mining
28:17 Chain Barding Armor
28:33 Iron Casting
32:14 Treadmill Crane
32:54 Ballistics
32:45 Fortified Wall
35:16 Imperial Age
34:08 Iron Casting
33:29 Bodkin Arrow
33:50 Leather Archer Armor
33:50 Chain Mail Armor
34:31 Fervor
34:42 Sanctity
34:43 Murder Holes
34:41 Gold Mining
35:27 Stone Shaft Mining
35:52 Husbandry
36:57 Gold Shaft Mining
35:56 Elite Cataphract
36:58 Conscription
38:30 Chemistry
38:11 Plate Barding Armor
38:06 Ring Archer Armor
37:37 Bracer
38:05 Caravan
38:41 Crop Rotation
39:13 Two-Man Saw
38:53 Logistica
38:10 Crossbowman
38:55 Thumb Ring
38:56 Pikeman
39:36 Squires
39:46 Arbalester
41:14 Plate Mail Armor
42:13 Elite Skirmisher
VC
0:29 Loom
16:47 Feudal Age
17:15 Double-Bit Axe
17:47 Horse Collar
20:18 Wheelbarrow
20:16 Stone Mining
20:17 Gold Mining
28:19 Castle Age
29:46 Bow Saw
29:37 Heavy Plow
31:02 Stone Shaft Mining
31:03 Gold Shaft Mining
31:27 Hand Cart
35:26 Fortified Wall
35:27 Masonry
36:03 Husbandry
36:13 Bloodlines
36:07 Tuntian
40:05 Imperial Age
39:12 Treadmill Crane
39:45 Forging
39:55 Caravan
40:49 Thumb Ring
40:43 Fletching
41:57 Chemistry
41:21 Ballistics
41:48 Crop Rotation
40:55 Pikeman
41:36 Squires
40:59 Elite Skirmisher
42:46 Parthian Tactics
42:58 Bodkin Arrow
43:07 Padded Archer Armor
42:57 Light Cavalry
44:09 Bracer
44:28 Heavy Hei Guang Cavalry
46:30 Conscription
51:06 Ming Guang Armor
58:24 Leather Archer Armor
59:26 Scale Barding Armor
59:54 Ring Archer Armor
Miss Priss
0:46 Loom
13:45 Feudal Age
14:44 Horse Collar
14:51 Double-Bit Axe
16:26 Wheelbarrow
21:03 Gold Mining
23:49 Castle Age
23:02 Forging
22:59 Scale Barding Armor
23:02 Scale Mail Armor
23:13 Forging
23:54 Stone Mining
25:33 Hand Cart
25:56 Caravan
28:08 Bow Saw
31:45 Chain Mail Armor
33:26 Town Watch
36:32 Imperial Age
35:27 Man-at-Arms
36:07 Squires
35:52 Arson
37:17 Iron Casting
36:09 Long Swordsman
36:52 Elite Janissary
37:52 Conscription
39:41 Blast Furnace
39:11 Plate Mail Armor
38:06 Two-Handed Swordsman
38:59 Champion
40:57 Cavalier
41:38 Husbandry
41:48 Bloodlines
45:52 Ballistics
53:44 Fortified Wall
WololoJedi
2:10 Loom
15:09 Feudal Age
16:33 Wheelbarrow
16:15 Gold Mining
16:08 Horse Collar
16:16 Double-Bit Axe
20:09 Stone Mining
22:50 Castle Age
20:44 Fletching
21:21 Scale Mail Armor
22:39 Forging
24:05 Hand Cart
24:34 Gold Shaft Mining
34:53 Imperial Age
32:40 Bodkin Arrow
32:12 Pikeman
32:52 Squires
33:17 Padded Archer Armor
33:33 Chain Mail Armor
33:54 Iron Casting
33:23 Crossbowman
33:24 Elite Skirmisher
34:30 Leather Archer Armor
34:21 Scale Barding Armor
36:53 Hoardings
37:02 Conscription
36:42 Imperial Skirmisher
38:03 Fortified Wall
38:54 Chemistry
39:31 Masonry
39:18 Heavy Cavalry Archer
40:30 Ring Archer Armor
40:31 Plate Mail Armor
41:02 Blast Furnace
39:27 Light Cavalry
40:18 Bloodlines
40:09 Husbandry
40:27 Cavalier
41:10 Detinets
40:41 Sappers
41:38 Caravan
42:09 Coinage
42:15 Chain Barding Armor
43:45 Ballistics
43:15 Guard Tower
43:21 Murder Holes
44:21 Hussar
45:59 Banking
46:10 Plate Barding Armor
45:43 Druzhina
47:27 Elite Boyar
50:42 Heavy Plow
50:58 Bow Saw
53:05 Siege Engineers
54:05 Two-Man Saw
53:38 Crop Rotation
CaukyMnauky
10:59 Feudal Age
11:28 Double-Bit Axe
11:26 Horse Collar
18:53 Castle Age
17:15 Stone Mining
17:33 Gold Mining
19:47 Bow Saw
19:44 Heavy Plow
20:51 Wheelbarrow
29:31 Hand Cart
29:08 Loom
33:24 Imperial Age
31:26 Padded Archer Armor
31:16 Fletching
31:51 Ballistics
31:23 Heated Shot
34:06 Leather Archer Armor
33:46 Bodkin Arrow
33:54 Elite Rattan Archer
34:54 Paper Money
35:00 Paper Money
35:48 Hoardings
36:06 Guilds
36:27 Coinage
35:57 Caravan
37:41 Two-Man Saw
37:17 Crop Rotation
37:50 Stone Shaft Mining
37:30 Sappers
39:10 Ring Archer Armor
38:41 Bracer
38:29 Town Watch
40:00 Chemistry
43:10 Banking
44:54 Bombard Tower
44:14 Treadmill Crane
44:45 Masonry
44:40 Siege Engineers
44:31 Murder Holes
44:46 Fortified Wall
44:27 Guard Tower
46:39 Onager
49:25 Thumb Ring
48:42 Elite Skirmisher
52:29 Imperial Skirmisher
57:17 Keep
56:28 Arrowslits
normanxavier454
2:59 Loom
12:10 Feudal Age
22:56 Castle Age
21:21 Fletching
22:35 Horse Collar
27:28 Double-Bit Axe
31:59 Bodkin Arrow
33:10 Crossbowman
33:55 Caravan
40:33 Imperial Age
41:24 Wheelbarrow
40:35 Arbalester
41:29 Capped Ram
42:46 Bracer
43:10 Ballistics
45:19 Chemistry
44:21 Elite Skirmisher
48:19 Imperial Skirmisher
51:37 Heavy Rocket Cart
59:13 Siege Engineers
jasem-1970
1:53 Loom
13:16 Feudal Age
18:04 Castle Age
30:56 Imperial Age
29:06 Wheelbarrow
29:08 Forging
29:05 Scale Barding Armor
29:30 Double-Bit Axe
29:39 Gold Mining
29:58 Scale Mail Armor
31:43 Hand Cart
31:43 Cavalier
32:40 Stone Mining
33:28 Iron Casting
33:15 Chain Barding Armor
33:11 Chain Mail Armor
35:33 Blast Furnace
36:16 Plate Barding Armor
35:22 Pikeman
36:53 Plate Mail Armor
37:50 Conscription
37:03 Onager
37:32 Halberdier
40:05 Paladin
41:46 Capped Ram
46:01 Siege Ram
Connection lost

Rejoining the realm…

Still unreachable

The connection could not be restored.

Session expired

The server has moved on; the page needs a fresh start.